 Dungeon Crawl Stone Soup version 0.29-a0-919-gd064cfad1c (webtiles) character file.

Game seed: 17360544327329893814

21 xian the Ducker (level 2, -4/26 HPs)
             Began as a Gnoll Gladiator on July 27, 2022.
             Slain by an iguana (12 damage)
             ... on level 2 of the Dungeon.
             The game lasted 00:04:20 (1177 turns).

xian the Ducker (Gnoll Gladiator)                   Turns: 1177, Time: 00:04:20

Health: -4/26      AC:  4    Str: 20    XL:     2   Next: 87%
Magic:  2/2        EV: 13    Int:  7    God:
Gold:   67         SH:  0    Dex:  8    Spells: 2/2 levels left

rFire   . . .      SeeInvis .   e - +8 flail of Deflation {spect, Str+7 Dex-5}
rCold   . . .      Faith    .   (no shield)
rNeg    + . .      Spirit   .   b - +0 leather armour
rPois   .          Reflect  .   c - +0 helmet
rElec   .          Harm     .   p - scarf {shadows}
rCorr   .          Rampage  .   (no gloves)
Will    +....                   (no boots)
Stlth   +.........              (no amulet)
HPRegen 0.08/turn               o - ring of positive energy
MPRegen 0.08/turn               j - ring of willpower

@: no status effects
A: fangs 1, strong nose, distributed training
a: no special abilities


You were on level 2 of the Dungeon.
You visited 1 branch of the dungeon, and saw 2 of its levels.

You collected 81 gold pieces.
You spent 14 gold pieces at shops.

Inventory:

Hand Weapons
 e - the +8 flail of Deflation (weapon) {spect, Str+7 Dex-5}
   (You found it on level 2 of the Dungeon)

   When its wielder attacks, the weapon's spirit leaps out and strikes again.
   The spirit shares a part of any damage it takes with its wielder.
   Str:       It affects your strength (+7).
   Dex:       It affects your dexterity (-5).
Missiles
 d - 3 throwing nets (quivered)
Armour
 b - a +0 leather armour (worn)
 c - a +0 helmet (worn)
 p - a scarf of shadows (worn)
Jewellery
 j - a ring of willpower (right hand)
 o - a ring of positive energy (left hand)
Scrolls
 f - a scroll of identify
 h - a scroll of noise {unknown}
 i - a scroll of butterflies {unknown}
 m - a scroll of immolation {unknown}
 n - a scroll of vulnerability {unknown}
Potions
 k - 2 potions of mutation {unknown}
 l - a potion of brilliance {unknown}
 q - a potion of curing
 r - a potion of lignification {unknown}
 s - a potion of berserk rage {unknown}
 t - a potion of attraction {unknown}
 u - a potion of ambrosia {unknown}


   Skills:
 + Level 4.5 Fighting
 + Level 0.5 Short Blades
 + Level 0.5 Long Blades
 + Level 0.5 Axes
 + Level 0.5 Maces & Flails
 + Level 6.5 Polearms
 + Level 0.5 Staves
 + Level 0.5 Ranged Weapons
 + Level 4.5 Throwing
 + Level 0.5 Armour
 + Level 6.5 Dodging
 + Level 0.5 Stealth
 + Level 0.5 Shields
 + Level 0.5 Unarmed Combat
 + Level 0.5 Spellcasting
 + Level 0.4 Conjurations
 + Level 0.4 Hexes
 + Level 0.4 Summonings
 + Level 0.4 Necromancy
 + Level 0.4 Translocations
 + Level 0.4 Transmutations
 + Level 0.4 Fire Magic
 + Level 0.4 Ice Magic
 + Level 0.4 Air Magic
 + Level 0.4 Earth Magic
 + Level 0.4 Poison Magic
 + Level 0.7 Invocations
 + Level 0.5 Evocations


You had 2 spell levels left.
You didn't know any spells.
Your spell library contained the following spells:

 Spells                   Type           Power      Damage    Failure   Level
 Dazzling Flash           Conj/Hex       0%         N/A       80%         3
 Agony                    Necr           0%         N/A       100%        5
 Silence                  Hex/Air        0%         N/A       100%        5


Dungeon Overview and Level Annotations

Branches:
Dungeon (2/15)

Altars:

Shops:
D:1 !


Innate Abilities, Weirdness & Mutations

You have very sharp teeth.
Your uncanny sense of smell can sniff out nearby items.
Your experience applies equally to all skills.


Message History

The kobold completely misses you.
As you read the scroll labelled ZOCHUCZ LIECWOAREO, it crumbles to dust.
It is a scroll of identify.
g - a scroll of fear The kobold hits you but does no damage.
The iguana closely misses you.
As you read the scroll of fear, it crumbles to dust.
You assume a fearsome visage.
The kobold looks frightened!
The iguana looks frightened!
Found a ring mail.
There is an open gate here.
You see here the +8 flail of Deflation {spect, Str+7 Dex-5}.
e - the +8 flail of Deflation {spect, Str+7 Dex-5} You feel stronger.
You feel clumsy.
You feel a bond with the +8 flail of Deflation {spect, Str+7 Dex-5}.
e - the +8 flail of Deflation (weapon)
{spect, Str+7 Dex-5} You drop a +0 trident.
You open the door.
There is an open door here.
A kobold comes into view. It is wielding a +0 dagger.
The kobold shouts!
You barely miss the kobold. The kobold hits you with a +0 dagger.
You sock the kobold!
You kill the kobold!
Things that are here:
a +0 dagger; a stone You open the door.
An endoplasm comes into view.
The endoplasm quivers.
Found a goblin skeleton and a hobgoblin skeleton.
A jelly and 6 endoplasms come into view.
Found a hobgoblin skeleton and a bat skeleton.
The endoplasm quivers. x3
There is an open door here.
You hit the iguana.
The iguana is lightly wounded.
The iguana barely misses you. The endoplasm freezes you.
You are frozen.
The iguana bites you!
You die...

#..........
∆P÷P.P...##.###.#####
....PJ..##.# #.#
∆÷.PJP.P.##.# #.####
...J....##.# #....#
..P.JJJ.##.###..#.#
P...J.÷÷##......#.#
#######J# #.####.#.##
##..l@JJ## #.# #.#..#
#.######## #.# #.##.#
##..'....# #.# #.##..
####....###.####.###.
#.[.....##...........
#....)..##)#####.##.#
#......$##)# #.#
#.......##.#####. #.#
##.....###.#..... #.#


You could see an iguana and 3 endoplasms.

Vanquished Creatures
  A bat (D:1)
  An endoplasm (D:1)
  3 giant cockroaches
  3 hobgoblins
  A quokka (D:1)
  A ball python (D:1)
  4 frilled lizards
  5 kobolds (D:2)
  A rat (D:1)
20 creatures vanquished.

Vanquished Creatures (others)
  7 toadstools (D:2)
7 creatures vanquished.

Grand Total: 27 creatures vanquished

Notes
Turn   | Place    | Note
-------+----------+-------------------------------------------
     0 | D:1      | xian the Gnoll Gladiator began the quest for the Orb.
     0 | D:1      | Reached XP level 1. HP: 20/20 MP: 1/1
   332 | D:1      | Reached XP level 2. HP: 26/26 MP: 2/2
   335 | D:1      | Found Ifregegh's Distillery.
   348 | D:1      | Bought a potion of degeneration for 14 gold pieces
   509 | D:1      | Found a faded altar of an unknown god.
  1151 | D:2      | Identified the +8 flail of Deflation {spect, Str+7 Dex-5}
  1177 | D:2      | Slain by an iguana

Illustrated notes

Levels and vault maps discovered:
D:1:      psy_arrival_spokes, layout_basic, serial_shops,
          nicolae_shop_waterfront, hellmonk_ecumenical_altar_inner_sanctum,
          lemuel_another_geyser
D:2:      cheibrodos_fertilizer, layout_basic, basic_altar,
          hangedman_abyss_or_decor_stabs, uniq_jessica, uniq_sigmund

Action                   || total
-------------------------++-------
Melee: Trident           ||    68
       Flail             ||     3
       Bite              ||     3
Throw: Javelin           ||     2
  Use: Scroll            ||     2
       Potion            ||     1
 Stab: Sleeping          ||     4
Armor: Leather armour    ||    17
Dodge: Dodged            ||    51

Table legend: (Time is in decaauts)
 A = Elapsed time spent in this place.
 B = Non-inter-level travel time spent in this place.
 C = Inter-level travel time spent in this place.
 D = Time resting spent in this place.
 E = Time spent auto-exploring this place.
 F = Levels seen in this place.
 G = Mean time per level.
                   A        B        C        D        E       F      G
               +--------+--------+--------+--------+--------+-----+--------+
         Total |   1176 |   1176 |      0 |      0 |    850 |   2 |  588.0 |
       Dungeon |   1176 |   1176 |      0 |      0 |    850 |   2 |  588.0 |
               +--------+--------+--------+--------+--------+-----+--------+

Top non-repeatable levels by time:
     D:1: 737 daAuts
     D:2: 439 daAuts
